 Dungeon Crawl Stone Soup version 0.22-a0-458-gb446440 (webtiles) character file.

910 pk666 the Magician (level 7, -7/36 HPs)
             Began as a Deep Elf Fire Elementalist on June 8, 2018.
             Was a Follower of Vehumet.
             Shot with an arrow by a centaur (13 damage)
             ... on level 5 of the Dungeon.
             The game lasted 00:13:09 (5761 turns).

pk666 the Magician (Deep Elf Fire Elementalist)     Turns: 5761, Time: 00:13:09

Health: -7/36      AC:  4    Str:  5    XL:     7   Next: 81%
Magic:  27/27      EV: 13    Int: 22    God:    Vehumet [*.....]
Gold:   15         SH:  0    Dex: 15    Spells: 10/18 levels left

rFire    + . .     SeeInvis .     - Unarmed
rCold    . . .     Gourm    .   (no shield)
rNeg     . . .     Faith    .   a - +0 robe
rPois    .         Spirit   .   (no helmet)
rElec    .         Reflect  .   e - +1 cloak
rCorr    .         Harm     .   (no gloves)
MR       .....                  (no boots)
Stlth    ++........             (no amulet)
HPRegen  0.12/turn              s - ring of magical power
MPRegen  0.20/turn              p - ring of protection from fire

@: no status effects
A: no striking features
a: Renounce Religion


You were on level 5 of the Dungeon.
You worshipped Vehumet.
Vehumet was aware of your devotion.
You were not hungry.

You visited 1 branch of the dungeon, and saw 5 of its levels.
You also visited: Ossuary.

You collected 275 gold pieces.
You spent 260 gold pieces at shops.

Inventory:

Armour
 a - a +0 robe (worn)
 e - a +1 cloak (worn)
Jewellery
 g - an uncursed ring of resist corrosion
 p - a ring of protection from fire (right hand)
 s - a ring of magical power (left hand)
Wands
 q - a wand of paralysis (10)
Scrolls
 b - a scroll of identify
 f - 3 scrolls of enchant weapon
 n - 2 scrolls of teleportation {unknown}
 o - a scroll of amnesia
 r - a scroll of magic mapping
Potions
 d - 3 potions of heal wounds {unknown}
 h - a potion of invisibility {unknown}
 i - 2 potions of brilliance {unknown}
 j - 5 potions of magic {unknown}
 k - 8 potions of curing
 m - 2 potions of lignification {unknown}
Comestibles
 c - 5 rations


   Skills:
 - Level 2.4 Dodging
 - Level 2.4 Stealth
 - Level 1.9 Unarmed Combat
 + Level 6.4 Spellcasting
 + Level 6.3 Conjurations
 + Level 5.9 Fire Magic


You had 10 spell levels left.
You knew the following spells:

 Your Spells              Type           Power        Failure   Level  Hunger
a - Flame Tongue          Conj/Fire      ####.        1%          1    None
b - Sticky Flame          Conj/Fire      ####....     7%          4    ###....
c - Conjure Flame         Conj/Fire      ####....     2%          3    #......

Your spell library contained the following spells:

 Spells                   Type           Power        Failure   Level  Hunger
 Fireball                 Conj/Fire      ####......   21%         5    #####..
 Throw Flame              Conj/Fire      ####..       1%          2    None
 Spider Form              Tmut/Pois      #.........   26%         3    #......
 Blade Hands              Tmut           #.........   94%         5    #####..
 Ice Form                 Ice/Tmut       #.......     65%         4    ###....
 Sticks to Snakes         Tmut           #.......     13%         2    None
 Inner Flame              Hex/Fire       ###.....     8%          3    #......
 Beastly Appendage        Tmut           #.....       9%          1    None


Dungeon Overview and Level Annotations

Branches:
Dungeon (5/15)             Temple (0/1) D:5

Altars:
Fedhas
Makhleb
Vehumet
Xom

Shops:
D:4 =   D:5 [

Annotations:
D:3 1 exclusion


Message History

You open the door.
A centaur comes into view.
The centaur wields a shortbow.
The centaur shoots an arrow.
The arrow closely misses you.
You see here an arrow.
A centaur is nearby!
The centaur shoots an arrow.
The arrow hits you!
The centaur shoots an arrow.
The arrow hits you!
You see here an arrow.
The centaur shoots an arrow.
The arrow barely misses you.
You see here an arrow.
The centaur shoots an arrow.
The arrow misses you.
The centaur shoots an arrow.
The arrow hits you!
You see here 2 arrows.
The centaur shoots an arrow.
The arrow hits you!
* * * LOW HITPOINT WARNING * * *
You see here an arrow.
There is a stone staircase leading up here.
The centaur shoots an arrow.
The arrow hits you!
You die...

#.# #.#........###....##
#.######.#.##...##...##.÷.#
#######.#....#.#.##..#..###..#..#
....................#.)#)..#..#..
#######.#..#.#.#....#.#.###.#.#..
******#.#..#.......#.#.#...#.#.##
,,,,,,..#..........#.#.#.>.#.#.#.
*****#######.......#c#.#...#.#.#'
*,,,,,,,........@...#.#.###.#.#..
*,******####.#####..#÷.#.((#..#..
,,,,,,,,,,,#.........#.(###..#...
*,********,#.######...##..(##....
,,,,,,,,,*,#.# ##....###...c..
*,,,,,**,*,#.# ####......(...
*,,,,,,,,#.#.# #.#########
*,,,,,*,,#.#.# *#.#* ****
,,,,,,*,,#.#.# *..,* *,,,


You could see a centaur.

Vanquished Creatures
  A black bear (D:4)
  A necrophage (D:5)
  A bullfrog (D:4)
  3 water moccasin zombies (Ossuary)
  2 crimson imps (D:5)
  3 iguanas (D:5)
  An orc wizard (D:5)
  Natasha (D:4)
  A worker ant (D:5)
  A big kobold zombie (Ossuary)
  2 mummies (Ossuary)
  A worker ant zombie (D:5)
  4 gnolls (D:3)
  5 adders
  An ooze (D:2)
  3 adder zombies (Ossuary)
  3 worms (D:2)
  2 dart slugs (D:1)
  3 leopard geckos
  13 orcs
  4 ball pythons
  6 bats
  5 giant cockroaches
  A gnoll zombie (Ossuary)
  12 goblins
  8 hobgoblins
  4 jackals
  2 hobgoblin zombies (Ossuary)
  8 kobolds
  7 kobold zombies (Ossuary)
  7 orc zombies (Ossuary)
  2 quokka skeletons
  2 rats
  A fungus (D:1)
121 creatures vanquished.

Vanquished Creatures (others)
  An orc wizard (D:5)
  A dart slug (D:5)
  2 orcs (D:5)
4 creatures vanquished.

Grand Total: 125 creatures vanquished

Notes
Turn   | Place    | Note
-------+----------+-------------------------------------------
     0 | D:1      | pk666 the Deep Elf Fire Elementalist began the quest for the Orb.
     0 | D:1      | Reached XP level 1. HP: 10/10 MP: 6/6
   169 | D:1      | Reached XP level 2. HP: 15/15 MP: 5/8
  1124 | D:2      | Reached XP level 3. HP: 19/19 MP: 5/10
  1920 | D:3      | Reached XP level 4. HP: 22/24 MP: 1/11
  2256 | D:3      | Learned a level 4 spell: Sticky Flame
  2323 | D:3      | Reached XP level 5. HP: 28/28 MP: 9/13
  2912 | D:3      | Found a shimmering altar of Xom.
  2922 | D:3      | Found a burning altar of Makhleb.
  3513 | D:4      | Noticed a black bear
  3521 | D:4      | Learned a level 3 spell: Conjure Flame
  3532 | D:4      | Killed a black bear
  3532 | D:4      | Reached skill level 1 in Unarmed Combat
  3532 | D:4      | Reached XP level 6. HP: 32/32 MP: 3/15
  3771 | D:4      | Noticed Natasha
  3775 | D:4      | Killed Natasha
  4029 | D:4      | Found Maufedgh's Jewellery Shoppe.
  4042 | D:4      | Bought an uncursed ring of magical power for 260 gold pieces
  4199 | D:4      | Found a blossoming altar of Fedhas.
  4199 | D:4      | Found a radiant altar of Vehumet.
  4206 | D:4      | Became a worshipper of Vehumet
  4267 | D:5      | Entered Level 5 of the Dungeon
  4271 | D:5      | Reached skill level 5 in Spellcasting
  4304 | D:5      | Found Syroh's Armour Shoppe.
  4309 | D:5      | Reached skill level 5 in Conjurations
  4329 | D:5      | Found a sand-covered staircase.
  4336 | Ossuary  | Entered an ossuary
  4491 | Ossuary  | Reached skill level 5 in Fire Magic
  4494 | Ossuary  | Reached XP level 7. HP: 36/36 MP: 16/16
  4984 | Ossuary  | Reached * piety under Vehumet
  4984 | Ossuary  | Offered knowledge of Magic Dart by Vehumet.
  5348 | D:5      | Found a staircase to the Ecumenical Temple.
  5761 | D:5      | Shot with an arrow by a centaur

Vault maps used:
D:1:      giann_wishing_wells, minmay_gold_behind_fungi
D:2:      minmay_pentomino_v4
D:3:      kennysheep_the_goblin_king, grunt_temple_overflow_champion_of_chaos,
          first_ration
D:4:      nicolae_overflow_hidden_temple, amethyst_overflow_temple_binary,
          serial_shops, shop, minivault_27, uniq_natasha
D:5:      minmay_temple_entry_steel_oval, serial_shops, shop_statue,
          nicolae_ossuary_entry_ruins, lemuel_flame_loot_1
Ossuary:  ossuary_tomb_2

Skill      XL: |  1  2  3  4  5  6  7 |
---------------+----------------------+-----
Conjurations   | 2 3 4 5 6 |  6.3
Fire Magic     | 4 5 |  5.9
Spellcasting   | 4 5 6 |  6.4
Unarmed Combat | 1 |  1.9
Dodging        | |  2.4
Stealth        | |  2.4

Action                   |  1- 3 |  4- 6 |  7- 9 || total
-------------------------+-------+-------+-------++-------
Melee: Unarmed           |    60 |     2 |       ||    62
 Cast: Flame Tongue      |    69 |   104 |    69 ||   242
       Conjure Flame     |       |     6 |     6 ||    12
       Sticky Flame      |       |       |     2 ||     2
Evoke: Wand              |       |       |     2 ||     2
  Use: Scroll            |       |     6 |       ||     6
  Eat: Chunk             |     3 |     8 |     1 ||    12
       Ration            |       |       |     1 ||     1
Armor: Robe              |     5 |     4 |     5 ||    14
Dodge: Dodged            |    23 |    24 |     7 ||    54

Table legend:
 A = Spawn XP
 B = Non-spawn XP
 C = Spawn XP percentage of total XP
 D = Spawn monster count
 E = Non-spawn monster count
 F = Spawn count percentage of total count
 G = Total turns spent on level
                    A         B        C        D         E        F      G
               +---------+---------+-------+---------+---------+-------+---------
         Total |       0 |    1301 |   0.0 |       0 |     120 |   0.0 |  5761
               +---------+---------+-------+---------+---------+-------+---------
           D:1 |       0 |      39 |   0.0 |       0 |      20 |   0.0 |  1119
           D:2 |       0 |      48 |   0.0 |       0 |      12 |   0.0 |   916
           D:3 |       0 |     143 |   0.0 |       0 |      35 |   0.0 |  1060
           D:4 |       0 |     288 |   0.0 |       0 |      10 |   0.0 |  1172
           D:5 |       0 |     451 |   0.0 |       0 |      17 |   0.0 |   680
       Ossuary |       0 |     332 |   0.0 |       0 |      26 |   0.0 |   814
               +---------+---------+-------+---------+---------+-------+---------
